 Dungeon Crawl Stone Soup version 0.26-a0-58-g79b31b8 (webtiles) character file.

Game seed: 7734753354949231516

6334 thirtiethelement the Blocker (level 10, -1/73 HPs)
             Began as a Gnoll Fighter on June 8, 2020.
             Was a Plaything of Xom.
             Slain by an anaconda (2 damage)
             ... on level 9 of the Dungeon.
             The game lasted 00:23:10 (7466 turns).

thirtiethelement the Blocker (Gnoll Fighter)        Turns: 7466, Time: 00:23:11

Health: -1/73      AC: 10    Str: 27    XL:     10   Next: 96%
Magic:  18/18      EV:  9    Int: 10    God:    Xom [.....*]
Gold:   353        SH: 12    Dex: 14    Spells: 20/20 levels left

rFire    . . .     SeeInvis +   a - +1 war axe
rCold    . . .     Gourm    .   c - +0 kite shield
rNeg     . . .     Faith    .   b - +1 scale mail
rPois    .         Spirit   .   (no helmet)
rElec    .         Reflect  .   x - +0 cloak
rCorr    .         Harm     .   (no gloves)
MR       .....     Rnd*Rage +   (no boots)
Stlth    ++........             (no amulet)
HPRegen  0.62/turn              g - ring of see invisible
MPRegen  0.16/turn              h - +6 ring of strength

@: constricted
A: distributed training, fangs 1, berserk 1, blurry vision 1, dopey 1, frail 1,
regeneration 1, evolution 1, strong nose
a: Renounce Religion


You were on level 9 of the Dungeon.
You worshipped Xom.
You were Xom's teddy bear.
You were hungry.

You visited 2 branches of the dungeon, and saw 10 of its levels.
You also visited: Sewer.

You collected 353 gold pieces.

Inventory:

Hand Weapons
 a - a +1 war axe (weapon)
Missiles
 o - 5 javelins (quivered)
Armour
 b - a +1 scale mail (worn)
 c - a +0 kite shield (worn)
 x - a +0 cloak (worn)
Magical Staves
 p - an uncursed staff of wizardry
Jewellery
 g - a ring of see invisible (left hand)
 h - a +6 ring of strength (right hand)
Wands
 t - a wand of flame (29)
 u - a wand of random effects (10)
Scrolls
 j - 5 scrolls of remove curse
 l - a scroll of enchant armour
 q - 5 scrolls of teleportation
 w - a scroll of magic mapping
 y - a scroll of fog
 z - 2 scrolls of identify
Potions
 d - 3 potions of might
 e - 5 potions of stabbing
 m - 2 potions of curing
 n - a potion of flight
 s - 2 potions of magic
 v - a potion of brilliance
Miscellaneous
 r - a lightning rod (4/4)
Comestibles
 f - 16 rations
 A - 4 chunks of flesh


   Skills:
 + Level 8.7 Fighting
 + Level 5.6 Short Blades
 + Level 5.6 Long Blades
 + Level 7.3 Axes
 + Level 5.6 Maces & Flails
 + Level 5.6 Polearms
 + Level 5.6 Staves
 + Level 5.6 Slings
 + Level 5.6 Bows
 + Level 5.6 Crossbows
 + Level 5.6 Throwing
 + Level 8.7 Armour
 + Level 5.6 Dodging
 + Level 5.6 Stealth
 + Level 8.7 Shields
 + Level 5.6 Unarmed Combat
 + Level 5.6 Spellcasting
 + Level 4.6 Conjurations
 + Level 4.6 Hexes
 + Level 4.6 Charms
 + Level 4.6 Summonings
 + Level 4.6 Necromancy
 + Level 4.6 Translocations
 + Level 4.6 Transmutations
 + Level 4.6 Fire Magic
 + Level 4.6 Ice Magic
 + Level 4.6 Air Magic
 + Level 4.6 Earth Magic
 + Level 4.6 Poison Magic
 + Level 6.2 Invocations
 + Level 5.6 Evocations


You had 20 spell levels left.
You didn't know any spells.
Your spell library was empty.

Dungeon Overview and Level Annotations

Branches:
Dungeon (9/15)             Temple (1/1) D:6           Sewer (visited)
   Lair: D:8-11         Orc: D:9-12

Altars:
Ashenzari
Cheibriados
Dithmenos
Elyvilon
Fedhas
Gozag
Hepliaklqana
Makhleb
Nemelex Xobeh
Okawaru
Qazlal
Ru
Sif Muna
Trog
Uskayaw
Vehumet
Wu Jian
Xom
Yredelemnul
Zin
The Shining One

Shops:
D:8 [

Annotations:
D:9 dickylongcocking's ghost, novice SpVM


Innate Abilities, Weirdness & Mutations

Your experience applies equally to all skills.
You have very sharp teeth.
Your uncanny sense of smell can sniff out nearby items.
You tend to lose your temper in combat.
Scrolls take you a little longer to read.
You are dopey. (Int -2)
You are frail. (-10% HP)
Your natural rate of healing is unusually fast.
You evolve.


Message History

* * * LOW HITPOINT WARNING * * *
The anaconda constricts you.
You feel much better. You block the anaconda's attack.
The anaconda constricts you. The anaconda barely misses you.
The anaconda constricts you.
Your scale mail prevents you from hitting the anaconda.
You block the anaconda's attack. The anaconda constricts you.
The anaconda bites you but does no damage.
* * * LOW HITPOINT WARNING * * *
The anaconda constricts you.
You barely miss the anaconda.
The anaconda bites you but does no damage.
* * * LOW HITPOINT WARNING * * *
The anaconda constricts you. The anaconda bites you!
* * * LOW HITPOINT WARNING * * *
x2 The anaconda constricts you.
You feel better. The anaconda bites you!
* * * LOW HITPOINT WARNING * * *
You die...
Xom chuckles heartily!

...### #..# ##.....##....♣♣♣♣.
#....(####.# #......##.♣♣♣♣..♣W
#...# #....# #........♣♣P..♣♣#i
#..## #...#####.......♣P..P.#8.
###...# #...###.........♣♣..PP#..
.#...#####...#...>......♣)♣.♣.'..
#......##......... .....♣ ♣..h#..
#.........###..#.##.....♣....P#8.
#.........# ###@.......♣♣!♣P.♣#.
#.........# ###S........♣♣♣♣P.♣.
.........#####.#<...........♣♣♣♣#
...........^....................
.........#...##...#............
#........#.###....##.........##
.........# # #......).........##
.........#∆∆∆#.................##
.........#∆ ∆#..................#


You could see an anaconda.

Vanquished Creatures
  A hydra (D:8)
  Pikel (D:7)
  Maurice (D:8)
  A spiny frog (D:7)
  A troll (D:8)
  2 dream sheep (D:8)
  A hippogriff (D:7)
  Sigmund (D:5)
  2 yaks (D:8)
  A soldier ant (D:8)
  Duvessa (D:6)
  An orc warrior (D:8)
  A slave (D:7)
  An ice beast (D:8)
  A hornet zombie (D:6)
  2 phantoms
  2 centaurs
  5 ogres
  4 big kobolds
  4 bullfrogs
  A gnoll sergeant (D:8)
  Blork the orc (D:5)
  Dowan (D:6)
  2 wyvern skeletons
  4 scorpions
  A howler monkey (D:9)
  3 crimson imps
  4 jellies
  6 orc wizards
  3 bullfrog skeletons
  2 orc priests
  2 hounds
  4 worker ants
  7 gnolls
  13 adders
  4 river rats
  2 shadow imps
  2 adder zombies
  6 worms
  5 dart slugs
  8 leopard geckos
  10 orcs
  4 ball pythons
  6 giant cockroaches
  12 goblins
  11 hobgoblins
  10 jackals
  2 quokkas
  5 bats
  8 frilled lizards
  A giant cockroach zombie (D:5)
  A jackal skeleton (D:4)
  A jackal zombie (D:8)
  10 kobolds
  A leopard gecko zombie (D:6)
  11 rats
208 creatures vanquished.

Vanquished Creatures (collateral kills)
  2 orc wizards (D:4)
  A quokka (D:5)
3 creatures vanquished.

Vanquished Creatures (others)
  3 slaves (D:7)
  A phantom (D:4)
  2 plants (D:9)
6 creatures vanquished.

Grand Total: 217 creatures vanquished

Notes
Turn   | Place    | Note
-------+----------+-------------------------------------------
     0 | D:1      | thirtiethelement the Gnoll Fighter began the quest for the
                  | Orb.
     0 | D:1      | Reached XP level 1. HP: 23/23 MP: 1/1
    75 | D:1      | Reached XP level 2. HP: 27/29 MP: 2/2
   490 | D:1      | Reached XP level 3. HP: 33/35 MP: 3/3
   848 | D:2      | Reached skill level 1 in Invocations
   998 | D:2      | Reached skill level 1 in Short Blades
   998 | D:2      | Reached skill level 1 in Long Blades
   998 | D:2      | Reached skill level 1 in Maces & Flails
   998 | D:2      | Reached skill level 1 in Polearms
   998 | D:2      | Reached skill level 1 in Staves
   998 | D:2      | Reached skill level 1 in Slings
   998 | D:2      | Reached skill level 1 in Bows
   998 | D:2      | Reached skill level 1 in Crossbows
   998 | D:2      | Reached skill level 1 in Throwing
   998 | D:2      | Reached skill level 1 in Dodging
   998 | D:2      | Reached skill level 1 in Stealth
   998 | D:2      | Reached skill level 1 in Unarmed Combat
   998 | D:2      | Reached skill level 1 in Spellcasting
   998 | D:2      | Reached skill level 1 in Evocations
  1018 | D:2      | Reached XP level 4. HP: 34/41 MP: 5/5
  1206 | D:2      | Reached skill level 1 in Conjurations
  1206 | D:2      | Reached skill level 1 in Hexes
  1206 | D:2      | Reached skill level 1 in Charms
  1206 | D:2      | Reached skill level 1 in Summonings
  1206 | D:2      | Reached skill level 1 in Necromancy
  1206 | D:2      | Reached skill level 1 in Translocations
  1206 | D:2      | Reached skill level 1 in Transmutations
  1206 | D:2      | Reached skill level 1 in Fire Magic
  1206 | D:2      | Reached skill level 1 in Ice Magic
  1206 | D:2      | Reached skill level 1 in Air Magic
  1206 | D:2      | Reached skill level 1 in Earth Magic
  1206 | D:2      | Reached skill level 1 in Poison Magic
  1219 | D:2      | Noticed a moth of wrath
  1221 | D:2      | Found a bloodstained altar of Trog.
  1232 | D:2      | Reached XP level 5. HP: 47/47 MP: 6/6
  1375 | D:2      | Found a blossoming altar of Fedhas.
  1554 | D:2      | Found a glowing golden altar of the Shining One.
  2548 | D:3      | Reached XP level 6. HP: 53/53 MP: 8/8
  2698 | D:3      | Found a shimmering altar of Xom.
  2699 | D:3      | Found a shimmering altar of Xom.
  2700 | D:3      | Found a shimmering altar of Xom.
  2726 | D:3      | Became a worshipper of Xom of Chaos
  2919 | D:3      | XOM: silly message
  2968 | D:3      | Found a shattered altar of Ashenzari.
  3226 | D:4      | Reached skill level 5 in Axes
  3237 | D:4      | Found a glowing drain.
  3273 | Sewer    | Entered a sewer
  3287 | Sewer    | Gained mutation: You have a pair of small horns on your
                  | head. [potion of mutation]
  3287 | Sewer    | Gained mutation: You are partially covered in iridescent
                  | scales. (AC +2) [potion of mutation]
  3287 | Sewer    | Lost mutation: You have a pair of small horns on your head.
                  | [potion of mutation]
  3287 | Sewer    | Gained mutation: Your natural rate of healing is unusually
                  | fast. [potion of mutation]
  3411 | Sewer    | Found a glowing silver altar of Zin.
  3528 | D:4      | Reached XP level 7. HP: 59/59 MP: 10/10
  3630 | D:4      | XOM: destruction
  3632 | D:4      | XOM: summons friendly iron imp
  3642 | D:4      | XOM: divine lightning
  3847 | D:4      | XOM: god gift: thin smoking staff {god gift}
  3972 | D:4      | XOM: summons friendly white imp
  4077 | D:5      | Entered Level 5 of the Dungeon
  4091 | D:5      | Noticed Sigmund
  4096 | D:5      | Killed Sigmund
  4130 | D:5      | XOM: enchant monster (good)
  4304 | D:5      | Reached XP level 8. HP: 64/67 MP: 12/12
  4368 | D:5      | Found a shimmering blue altar of Sif Muna.
  4368 | D:5      | XOM: 1-stop teleportation journey
  4405 | D:5      | Noticed Blork the orc
  4406 | D:5      | XOM: summons 3 friendly demons
  4413 | D:5      | Killed Blork the orc
  4835 | D:6      | Found a staircase to the Ecumenical Temple.
  4842 | Temple   | Entered the Ecumenical Temple
  5127 | D:6      | Found a hazy altar of Hepliaklqana.
  5169 | D:6      | Noticed Dowan
  5170 | D:6      | Noticed Duvessa
  5182 | D:6      | Killed Duvessa
  5185 | D:6      | Killed Dowan
  5185 | D:6      | Reached XP level 9. HP: 65/72 MP: 14/14
  5226 | D:6      | XOM is BORED!
  5226 | D:6      | XOM: summons 3 hostile shadow creatures
  5534 | D:6      | XOM: give mutations
  5534 | D:6      | Gained mutation: You expend magic power (3 MP) to
                  | strengthen your wands. [Xom's grace]
  5534 | D:6      | Gained mutation: You possess an exceptional clarity of
                  | mind. [Xom's grace]
  5534 | D:6      | Gained mutation: You have sharp toenails. [Xom's grace]
  5552 | D:7      | XOM: smoke on damage
  5594 | D:7      | Noticed Pikel
  5596 | D:7      | Noticed Joseph
  5600 | D:7      | Killed Pikel
  5608 | D:7      | Found a snail-covered altar of Cheibriados.
  5608 | D:7      | XOM: 6-stop teleportation journey
  5789 | D:7      | Noticed Joseph
  5789 | D:7      | Joseph changed into Joseph the spiny frog
  5789 | D:7      | XOM: polymorph Joseph -> Joseph the spiny frog
  5795 | D:7      | XOM: smoke on damage
  5800 | D:7      | Killed Joseph the spiny frog
  5800 | D:7      | Reached skill level 5 in Invocations
  5837 | D:7      | XOM: god gift: lightning rod (4/4)
  5924 | D:7      | XOM is BORED!
  5924 | D:7      | XOM: give mutations
  5924 | D:7      | Lost mutation: You expend magic power (3 MP) to strengthen
                  | your wands. [Xom's mischief]
  5924 | D:7      | Lost mutation: You possess an exceptional clarity of mind.
                  | [Xom's mischief]
  5986 | D:7      | Lost mutation: You have sharp toenails. [potion of
                  | mutation]
  5986 | D:7      | Lost mutation: You are partially covered in iridescent
                  | scales. (AC +2) [potion of mutation]
  5986 | D:7      | Gained mutation: You are dopey. (Int -2) [potion of
                  | mutation]
  5986 | D:7      | Gained mutation: You tend to lose your temper in combat.
                  | [potion of mutation]
  5986 | D:7      | Gained mutation: You evolve. [potion of mutation]
  5996 | D:7      | XOM: silly message
  6014 | D:8      | Noticed a troll
  6022 | D:8      | Killed a troll
  6022 | D:8      | Reached XP level 10. HP: 80/80 MP: 17/17
  6147 | D:8      | Noticed Maurice
  6158 | D:8      | Killed Maurice
  6158 | D:8      | Reached skill level 5 in Short Blades
  6158 | D:8      | Reached skill level 5 in Long Blades
  6158 | D:8      | Reached skill level 5 in Maces & Flails
  6158 | D:8      | Reached skill level 5 in Polearms
  6158 | D:8      | Reached skill level 5 in Staves
  6158 | D:8      | Reached skill level 5 in Slings
  6158 | D:8      | Reached skill level 5 in Bows
  6158 | D:8      | Reached skill level 5 in Crossbows
  6158 | D:8      | Reached skill level 5 in Throwing
  6158 | D:8      | Reached skill level 5 in Dodging
  6158 | D:8      | Reached skill level 5 in Stealth
  6158 | D:8      | Reached skill level 5 in Unarmed Combat
  6158 | D:8      | Reached skill level 5 in Spellcasting
  6158 | D:8      | Reached skill level 5 in Evocations
  6268 | D:8      | Found Burujof's Armour Emporium.
  6408 | D:8      | Found an iron altar of Okawaru.
  6839 | D:8      | Found a stormy altar of Qazlal.
  6932 | D:8      | XOM: noise
  6980 | D:8      | XOM: give mutations
  6980 | D:8      | Lost mutation: You tend to lose your temper in combat.
                  | [Xom's mischief]
  6980 | D:8      | Gained mutation: You tend to lose your temper in combat.
                  | [Xom's mischief]
  6980 | D:8      | Gained mutation: Scrolls take you a little longer to read.
                  | [Xom's mischief]
  6980 | D:8      | Gained mutation: You are frail. (-10% HP) [Xom's mischief]
  7096 | D:8      | XOM: cleaving
  7109 | D:8      | XOM: confuse monster(s)
  7111 | D:8      | XOM: draining
  7139 | D:8      | Noticed a three-headed hydra
  7147 | D:8      | Killed a four-headed hydra
  7420 | D:9      | Found a runed translucent door.
  7422 | D:9      | Noticed dickylongcocking's ghost (novice SpVM)
  7422 | D:9      | Identified the +5 trident of Tension {vorpal, Str+2}
  7437 | D:9      | XOM: 2-stop teleportation journey
  7437 | D:9      | Noticed a two-headed ogre
  7449 | D:9      | HP: 3/73 [two-headed ogre/+0 giant club (6)]
  7453 | D:9      | XOM: enchant monster (bad)
  7456 | D:9      | Noticed an anaconda
  7456 | D:9      | a two-headed ogre changed into an anaconda
  7456 | D:9      | XOM: polymorph two-headed ogre -> anaconda
  7461 | D:9      | HP: 3/73 [anaconda (5)]
  7462 | D:9      | HP: 1/73 [anaconda (3)]
  7466 | D:9      | Slain by an anaconda

Illustrated notes

Levels and vault maps discovered:
D:1:      matt_arrival_grand_opening, layout_basic
D:2:      wad_lake_hut, layout_basic, lemuel_doored_altar, tgw_trog,
          fedhas_ov_isle_minmay
D:3:      layout_loops_ring, lemuel_coloured_pillars_altar, xom_redecorated,
          minmay_misc_feat_rows, lightli_corner_chamber
D:4:      layout_loops_ring, first_ration, portal_sewer_entry_a
D:5:      layout_rooms, led_sif_pool, uniq_sigmund, uniq_blork_the_orc
D:6:      layout_basic, kennysheep_little_box, temple_green, uniq_duvessa
D:7:      layout_cave_pools, basic_altar, uniq_pikel, uniq_joseph
D:8:      layout_cave_pods, basic_altar, serial_shops, kennysheep_mini_moat,
          hangedman_ranch [blue_anna_fruit_fields], kennysheep_okawaru_gauntlet,
          uniq_maurice
D:9:      layout_cave_pools, kiku_gazebo_garden_becter, david_lair_shrubbed,
          hiddenorc1_lemuel, ebering_ghost_funeral_grove,
          chequers_serial_rivers_room_a
Temple:   minmay_temple_bridge_d

Skill      XL: |  1  2  3  4  5  6  7  8  9 10 |
---------------+-------------------------------+-----
Invocations    | 1 2 3 4 5 6 |  6.2
Short Blades   | 1 2 3 4 5 |  5.6
Long Blades    | 1 2 3 4 5 |  5.6
Maces & Flails | 1 2 3 4 5 |  5.6
Polearms       | 1 2 3 4 5 |  5.6
Staves         | 1 2 3 4 5 |  5.6
Slings         | 1 2 3 4 5 |  5.6
Bows           | 1 2 3 4 5 |  5.6
Crossbows      | 1 2 3 4 5 |  5.6
Throwing       | 1 2 3 4 5 |  5.6
Dodging        | 1 2 3 4 5 |  5.6
Stealth        | 1 2 3 4 5 |  5.6
Unarmed Combat | 1 2 3 4 5 |  5.6
Spellcasting   | 1 2 3 4 5 |  5.6
Evocations     | 1 2 3 4 5 |  5.6
Conjurations   | 1 2 3 4 |  4.6
Hexes          | 1 2 3 4 |  4.6
Charms         | 1 2 3 4 |  4.6
Summonings     | 1 2 3 4 |  4.6
Necromancy     | 1 2 3 4 |  4.6
Translocations | 1 2 3 4 |  4.6
Transmutations | 1 2 3 4 |  4.6
Fire Magic     | 1 2 3 4 |  4.6
Ice Magic      | 1 2 3 4 |  4.6
Air Magic      | 1 2 3 4 |  4.6
Earth Magic    | 1 2 3 4 |  4.6
Poison Magic   | 1 2 3 4 |  4.6
Axes           | 5 6 7 |  7.3
Fighting       | 7 8 |  8.7
Armour         | 7 8 |  8.7
Shields        | 7 8 |  8.7

Action                   |  1- 3 |  4- 6 |  7- 9 | 10-12 || total
-------------------------+-------+-------+-------+-------++-------
Melee: War axe           |    82 |   202 |   250 |   135 ||   669
       Bite              |     9 |    11 |    34 |    27 ||    81
       Kick              |       |       |    18 |       ||    18
Throw: Javelin           |       |       |     6 |    13 ||    19
Evoke: Wand              |       |       |       |     7 ||     7
  Use: Scroll            |     3 |     6 |     5 |     2 ||    16
       Potion            |       |     2 |     3 |     5 ||    10
 Stab: Sleeping          |       |       |     1 |       ||     1
       Confused          |       |       |       |     3 ||     3
       Distracted        |       |       |       |     1 ||     1
  Eat: Chunk             |       |     5 |     5 |     5 ||    15
       Ration            |       |     1 |     1 |       ||     2
Armor: Scale mail        |    24 |    67 |    94 |    47 ||   232
Dodge: Dodged            |    28 |    66 |    90 |    78 ||   262
Block: Kite shield       |    46 |   101 |   147 |   126 ||   420

Table legend:
 A = Non-vault XP
 B = Vault XP
 C = Vault XP percentage of total XP
 D = Non-vault monster count
 E = Vault monster count
 F = Vault count percentage of total count
                 A         B        C        D         E       F
            +---------+---------+-------+---------+---------+-------
      Total |    4679 |    4370 |  48.3 |     178 |      33 |  15.6
            +---------+---------+-------+---------+---------+-------
        D:1 |      38 |       0 |   0.0 |      19 |       0 |   0.0
        D:2 |     153 |      13 |   7.8 |      33 |       5 |  13.2
        D:3 |     150 |       0 |   0.0 |      22 |       0 |   0.0
        D:4 |     388 |      15 |   3.7 |      20 |       3 |  13.0
        D:5 |     439 |     308 |  41.2 |      11 |       2 |  15.4
        D:6 |     813 |     215 |  20.9 |      17 |       2 |  10.5
        D:7 |     883 |    1052 |  54.4 |      25 |       2 |   7.4
        D:8 |    1613 |    2622 |  61.9 |      26 |      11 |  29.7
        D:9 |     202 |       0 |   0.0 |       5 |       0 |   0.0
      Sewer |       0 |     145 | 100.0 |       0 |       8 | 100.0
            +---------+---------+-------+---------+---------+-------
